 Dungeon Crawl Stone Soup version 0.31-a0-986-g5e6e4ef867 (webtiles) character file.

Game seed: 716719947943994941

9233 LeprechaunX the Mimic (level 11, 0/108 HPs)
             Began as an Octopode Shapeshifter on Nov 8, 2023.
             Was a Believer of Hepliaklqana.
             Slain by a centaur warrior
             ... wielding a +5 dagger of protection
              (11 damage)
             ... on level 9 of the Dungeon.
             The game lasted 00:15:50 (8618 turns).

LeprechaunX the Mimic (Octopode Shapeshifter)       Turns: 8618, Time: 00:15:50

Health: 0/108      AC: 33    Str: 19    XL:     11   Next: 43%
Magic:  11/11      EV:  2    Int: 12    God:    Hepliaklqana [**....]
Gold:   464        SH:  0    Dex: 23    Spells: 10/10 levels left

rFire   x . .        b - +9 whip "Gauloninn" {speed, Str+3 Dex+3}
rCold   x x x        (no shield)
rNeg    . . .        (helmet currently unavailable)
rPois   +            l - amulet of Elemental Vulnerability {rPois rF-- rC-- AC+8}
rElec   .            F - +6 ring of dexterity
rCorr   .            G - ring of fire
SInv    .            (no ring)
Will    .....        (no ring)
Stlth   ++           (no ring)
HPRegen 0.38/turn    (no ring)
MPRegen 0.12/turn    (no ring)
                     (no ring)

%: no passive effects
@: tree-form
A: stationary, stasis, torment immunity, boosted hp, reduced essence, almost no
armour, (amphibious), 8 rings, (camouflage 1), (gelatinous body 1), (nimble
swimmer 1), (tentacles)
a: Renounce Religion, Recall Ancestor, Ancestor Identity


You were on level 9 of the Dungeon.
You worshipped Hepliaklqana.
Hepliaklqana was pleased with you.
You were a tree.
You visited 2 branches of the dungeon, and saw 10 of its levels.

You collected 464 gold pieces.

Inventory:

Hand Weapons
 a - a +2 sling of freezing
 b - the +9 whip "Gauloninn" (weapon) {speed, Str+3 Dex+3}
   (You found it on level 4 of the Dungeon)

   Str+3:     It affects your strength (+3).
   Dex+3:     It affects your dexterity (+3).
Missiles
 f - 8 boomerangs (quivered)
 u - 2 javelins
 J - 3 atropa-tipped darts
Armour
 q - an orb of mayhem
 A - a +0 tower shield
Jewellery
 l - the amulet of Elemental Vulnerability (around neck) {rPois rF-- rC-- AC+8}
   (You found it on level 2 of the Dungeon)

   [amulet of nothing]

   AC+8:      It affects your AC (+8).
   rF--:      It makes you very vulnerable to fire.
   rC--:      It makes you very vulnerable to cold.
   rPois:     It protects you from poison
 B - an amulet of regeneration
 F - a +6 ring of dexterity (left branch)
 G - a ring of fire (right branch)
Talismans
 c - a flux talisman
 o - a granite talisman
 v - a serpent talisman
 y - a beast talisman
 I - a blade talisman (active)
Wands
 s - a wand of paralysis (12)
 w - a wand of roots (14)
Scrolls
 d - 3 scrolls of enchant armour {unknown}
 g - 5 scrolls of identify {unknown}
 j - 2 scrolls of teleportation {unknown}
 m - 2 scrolls of noise {unknown}
 p - a scroll of silence {unknown}
 r - a scroll of amnesia {unknown}
 t - 2 scrolls of immolation {unknown}
 x - 2 scrolls of enchant weapon {unknown}
 C - a scroll of poison {unknown}
 D - 2 scrolls of blinking {unknown}
 E - 2 scrolls of fear {unknown}
 H - a scroll of revelation {unknown}
Potions
 e - 3 potions of heal wounds {unknown}
 h - 3 potions of degeneration {unknown}
 i - 3 potions of curing {unknown}
 k - a potion of lignification
 n - a potion of haste {unknown}
 z - a potion of attraction {unknown}
 K - 2 potions of brilliance {unknown}
 L - a potion of mutation {unknown}
 M - a potion of berserk rage {unknown}
 N - a potion of might {unknown}
 O - a potion of magic {unknown}
 P - a potion of resistance {unknown}


   Skills:
 + Level 9.2 Fighting
 - Level 3.0 Throwing
 - Level 2.0 Dodging
 - Level 6.0 Unarmed Combat
 - Level 5.0 Evocations
 * Level 12.2 Shapeshifting


You had 10 spell levels left.
You didn't know any spells.
Your spell library contained the following spells:

 Spells                   Type           Power      Damage    Failure   Level
 Magic Dart               Conj           0%         1d3       32%         1
 Call Imp                 Summ           0%         N/A       45%         2
 Mephitic Cloud           Conj/Pois/Air  0%         N/A       69%         3


Dungeon Overview and Level Annotations

Branches:
Dungeon (9/15)             Temple (1/1) D:6            Lair (0/5) D:8
    Orc: D:9-12

Altars:
Ashenzari
Dithmenos
Elyvilon
Fedhas
Hepliaklqana
Kikubaaqudgha
Makhleb
Nemelex Xobeh
Okawaru
Qazlal
Ru
Sif Muna
Uskayaw
Wu Jian
Xom
Yredelemnul
Zin
The Shining One

Shops:
D:2 *   D:4 =

Annotations:
D:7 1 runed translucent door, Crazy Yiuf
Temple 4 transporters


Innate Abilities, Weirdness & Mutations

You are a tree.
Your roots penetrate the ground, keeping you stationary.
You cannot be teleported.
You are immune to unholy pain and torment.
Your maximum health is greatly increased.
Your life essence is reduced to manifest your ancestor. (-10% HP)
You cannot wear most types of armour.
((You are amphibious.))
You can wear up to eight rings at the same time.
((Your skin changes colour to match your surroundings (Stealth+).))
((Your rubbery body absorbs attacks. (AC +1, EV +1)))
((You are camouflaged when in or above water. (Stealth+)))
((You have tentacles for arms and can constrict up to eight enemies at once.))


Message History

You slash the wight!
The wight is almost destroyed.
You constrict the wight.
You destroy the wight!
Your life force feels restored.
Things that are here:
a +0 morningstar; 7 stones; a +0 robe You start resting.
A centaur warrior comes into view.
It is wielding a +5 dagger of protection and wearing the +3 robe of Clouds {*Thunder rCloud rElec}.
The centaur warrior unwields a +5 dagger of protection.
The centaur warrior wields a +0 orcbow.
The centaur warrior shoots an arrow.
The arrow hits Necuametl!
The centaur warrior hits Necuametl with a +5 dagger of protection!
The centaur warrior kicks Necuametl but does no damage.
Necuametl hits the centaur warrior with a +0 quarterstaff!
The centaur warrior unwields a +5 dagger of protection.
The centaur warrior wields a +0 orcbow.
The centaur warrior shoots an arrow.
The arrow hits Necuametl!!
Necuametl is destroyed!
The centaur warrior shoots an arrow.
The arrow hits you!!
Found a ruby potion.
Found an escape hatch in the floor.
The centaur warrior shoots an arrow.
The arrow hits you!
The centaur warrior shoots an arrow.
The arrow hits you!
* * * LOW HITPOINT WARNING * * *
The centaur warrior unwields a +0 orcbow.
The centaur warrior wields a +5 dagger of protection.
The centaur warrior hits you with a +5 dagger of protection.
* * * LOW HITPOINT WARNING * * *
The centaur warrior barely misses you.
Your main tentacles revert to their normal proportions.
The +9 whip "Gauloninn" {speed, Str+3 Dex+3} unmelds from your body.
Your tentacles tingle!
You turn into a tree.
Your roots penetrate the ground.
The centaur warrior hits you but does no damage.
The centaur warrior kicks you but does no damage.
The centaur warrior hits you but does no damage.
The centaur warrior kicks you but does no damage.
You whack the centaur warrior!
The centaur warrior is moderately wounded.
The centaur warrior hits you with a +5 dagger of protection!
You die...

#..# #.............#
..)#####.............###.
......†..................
#########..............
#..######...# #..# #...#
#).# #...####.
#..######........
#......c♣........
#..########...... #..#
!..... #.R# ...... #..#
....>. #########.c# .....
...........# ....
............ ..........##


You could see a centaur warrior.

Vanquished Creatures
  A boulder beetle (D:9)
  A two-headed ogre (D:9)
  A komodo dragon (D:8)
  Sigmund (D:3)
  2 wyverns
  2 wraiths (D:9)
  A yak (D:9)
  A steam dragon (D:8)
  5 vampire mosquitoes (D:9)
  Edmund (D:4)
  3 water moccasins
  An ice beast (D:6)
  2 sky beasts (D:7)
  3 orc warriors
  A black bear (D:6)
  2 ogres (D:5)
  3 centaurs
  3 phantoms (D:4)
  2 kobold brigands (D:9)
  A gnoll sergeant (D:8)
  2 bullfrogs
  2 scorpions
  12 wights
  2 killer bees (D:8)
  A howler monkey (D:8)
  4 hounds
  2 jellies
  2 orc priests
  2 gnoll boudas
  A sleepcap (D:6)
  4 orc wizards
  Ijyb (D:3)
  An iguana (D:4)
  8 gnolls
  4 adders
  A shadow imp (D:8)
  2 ufetubi (D:7)
  2 worms (D:2)
  3 dart slugs
  33 orcs
  8 ball pythons
  7 bats
  6 endoplasms
  4 giant cockroaches
  5 goblins
  2 hobgoblins
  10 jackals
  3 quokkas
  4 frilled lizards
  9 kobolds
  9 rats
193 creatures vanquished.

Vanquished Creatures (collateral kills)
  Erica (D:8)
  A two-headed ogre (D:8)
  A manticore (D:9)
  An elephant (D:8)
  An orc warrior (D:8)
  A black bear (D:8)
  4 bullfrogs
  2 wights (D:7)
  2 killer bees (D:8)
  A howler monkey (D:8)
  A gnoll bouda (D:9)
  An orc wizard (D:9)
  4 gnolls (D:8)
  An ufetubus (D:7)
  An orc (D:8)
23 creatures vanquished.

Vanquished Creatures (others)
  4 battlemagi
4 creatures vanquished.

Grand Total: 220 creatures vanquished

Notes
Turn   | Place    | Note
-------+----------+-------------------------------------------
     0 | D:1      | LeprechaunX the Octopode Shapeshifter began the quest for
                  | the Orb.
     0 | D:1      | Reached XP level 1. HP: 13/13 MP: 1/1
   204 | D:1      | Reached XP level 2. HP: 18/18 MP: 2/2
   733 | D:2      | Reached XP level 3. HP: 23/23 MP: 3/3
   944 | D:2      | Reached skill level 1 in Throwing
   956 | D:2      | Found the amulet of Elemental Vulnerability {rPois rF--
                  | rC-- AC+8}
  1005 | D:2      | Reached XP level 4. HP: 13/29 MP: 4/4
  1099 | D:2      | Found Ifeczayt's Assorted Antiques.
  1473 | D:3      | Noticed Ijyb
  1473 | D:3      | Found a large runed translucent door.
  1473 | D:3      | Found a large runed translucent door.
  1482 | D:3      | Killed Ijyb
  1577 | D:3      | Reached skill level 4 in Shapeshifting
  1658 | D:3      | Noticed Sigmund
  1668 | D:3      | Killed Sigmund
  1669 | D:3      | Reached skill level 1 in Evocations
  1669 | D:3      | Reached XP level 5. HP: 30/35 MP: 5/5
  1669 | D:3      | Reached XP level 6. HP: 35/41 MP: 6/6
  1746 | D:3      | Found a hide-covered altar of Uskayaw.
  1850 | D:3      | Found a faded altar of an unknown god.
  1851 | D:3      | Noticed a shining eye
  1856 | D:3      | Noticed an eye of devastation
  1868 | D:3      | Noticed a great orb of eyes
  1881 | D:3      | Noticed a golden eye
  2102 | D:3      | Found an iron altar of Okawaru.
  2112 | D:3      | Found a sacrificial altar of Ru.
  2122 | D:3      | Became a worshipper of Ru the Awakened
  2351 | D:4      | Reached skill level 5 in Shapeshifting
  2351 | D:4      | Reached XP level 7. HP: 45/46 MP: 7/7
  2643 | D:4      | Noticed Edmund
  2651 | D:4      | Killed Edmund
  2942 | D:4      | Found a shimmering altar of Xom.
  3031 | D:4      | Identified the +8 quarterstaff of Poarchum {heavy, rElec
                  | rC+ Dex-2}
  3110 | D:4      | Identified the +9 whip "Gauloninn" {speed, Str+3 Dex+3}
  3214 | D:4      | Found Zech's Jewellery Shoppe.
  3689 | D:5      | Entered Level 5 of the Dungeon
  3716 | D:5      | Reached XP level 8. HP: 53/53 MP: 8/8
  3933 | D:5      | Reached skill level 6 in Shapeshifting
  3961 | D:5      | Reached skill level 5 in Unarmed Combat
  4460 | D:6      | Found a staircase to the Ecumenical Temple.
  4515 | Temple   | Found a transporter.
  4515 | Temple   | Found a transporter.
  4515 | Temple   | Found a transporter.
  4515 | Temple   | Found a transporter.
  4515 | Temple   | Entered the Ecumenical Temple
  4533 | Temple   | Fell from the grace of Ru
  4533 | Temple   | Became a worshipper of Hepliaklqana the Forgotten
  4697 | D:6      | Reached skill level 7 in Shapeshifting
  4697 | D:6      | Reached XP level 9. HP: 41/59 MP: 9/9
  4879 | D:6      | Reached skill level 5 in Fighting
  5078 | D:6      | Reached * piety under Hepliaklqana
  5540 | D:7      | Reached skill level 5 in Evocations
  5760 | D:7      | Reached skill level 8 in Shapeshifting
  5826 | D:7      | Found an ornate altar of the Wu Jian Council.
  5860 | D:7      | Found a runed translucent door.
  5861 | D:7      | Noticed Crazy Yiuf
  5979 | D:7      | Found a glowing golden altar of the Shining One.
  6066 | D:7      | Found a white marble altar of Elyvilon.
  6216 | D:8      | Reached ** piety under Hepliaklqana
  6217 | D:8      | Remembered your ancestor Necuametl as a battlemage
  6226 | D:8      | Noticed an elephant
  6234 | D:8      | Reached skill level 9 in Shapeshifting
  6245 | D:8      | Reached XP level 10. HP: 62/62 MP: 10/10
  6249 | D:8      | Killed an elephant
  6307 | D:8      | Noticed Erica
  6321 | D:8      | Killed Erica
  6330 | D:8      | Reached skill level 10 in Shapeshifting
  6478 | D:8      | Noticed a two-headed ogre
  6487 | D:8      | Killed a two-headed ogre
  7502 | D:8      | Found a staircase to the Lair.
  7508 | D:8      | Reached skill level 11 in Shapeshifting
  7749 | D:9      | Noticed a two-headed ogre
  7759 | D:9      | Killed a two-headed ogre
  7760 | D:9      | Reached XP level 11. HP: 70/70 MP: 11/11
  8005 | D:9      | Noticed a manticore
  8005 | D:9      | Noticed a boulder beetle
  8012 | D:9      | Killed a manticore
  8349 | D:9      | Killed a boulder beetle
  8350 | D:9      | Reached skill level 12 in Shapeshifting
  8603 | D:9      | Noticed a centaur warrior
  8618 | D:9      | Slain by a centaur warrior

Illustrated notes

Levels and vault maps discovered:
D:1:      minmay_arrival_nine_rooms, layout_loops_ring,
          chequers_serial_rivers_large_a, minmay_misc_feat_tiny, chequers_jeans
D:2:      layout_basic, serial_shops, nicolae_diamond_shop, grunt_ministairs_11,
          minmay_pentomino_w4
D:3:      layout_rooms, mainiacjoe_overflow_24_doors, jmf_multi_god_temple2,
          hellmonk_ecumenical_altar_watching_god, small_statue_alley_b,
          kennysheep_decorative_pillar, uniq_sigmund, uniq_ijyb
D:4:      layout_basic, lemuel_tele_altar, serial_shops, shop, minmay_bisected,
          uniq_edmund
D:5:      layout_loops_ring, grunt_decor_mini_mirrors
D:6:      layout_basic, temple_doors_e
D:7:      minmay_evil_eye, layout_rooms, mainiacjoe_overflow_catwalk,
          overflow_temple_1_default, mainiacjoe_overflow_alcove_2, st_stairs_5,
          dreamdust_mushroom_princess, uniq_crazy_yiuf_cottage
D:8:      layout_basic, grunt_lair_entry_orc_guard_hut, special_room
          [special_room_orc], serial_corexii_hall, corexii_hall_statues_x,
          corexii_hall_statues_l, corexii_hall_statues_i,
          chequers_hall_statues_corner_a, minmay_misc_feat_doors,
          kennysheep_pointless_box, uniq_erica
D:9:      minmay_the_grid_triangle_9x9_recursive_2
          [minmay_the_grid_triangle_9x9_prize_schism,
          minmay_the_grid_triangle_9x9_alien,
          minmay_the_grid_triangle_9x9_windchime,
          minmay_the_grid_triangle_9x9_skeleton], layout_small_grid,
          general_overflow_altar
Temple:   hellmonk_temple_divided_pantheon

Skill      XL: |  1  2  3  4  5  6  7  8  9 10 11 |
---------------+----------------------------------+-----
Throwing       | 1 2 3 |  3.0
Fighting       | 2 3 4 6 8 9 |  9.2
Shapeshifting  | 4 5 7 9 11 12 | 12.2
Evocations     | 1 2 3 4 5 |  5.0
Unarmed Combat | 4 5 6 |  6.0
Dodging        | |  2.0

Action                     |  1- 3 |  4- 6 |  7- 9 | 10-12 || total
---------------------------+-------+-------+-------+-------++-------
  Melee: Unarmed           |    74 |    87 |    69 |   155 ||   385
         Tentacles         |    15 |    14 |    46 |    15 ||    90
         Constrict         |    19 |    17 |    38 |    28 ||   102
         Punch             |     2 |     1 |    10 |     5 ||    18
         Whip              |       |       |    90 |     1 ||    91
   Fire: Sling             |       |    13 |    18 |       ||    31
  Throw: Boomerang         |     8 |       |       |       ||     8
 Invoke: Ancestor Life: Ba |       |       |     1 |       ||     1
         Recall Ancestor   |       |       |       |     1 ||     1
    Use: Potion            |       |       |       |     1 ||     1
   Stab: Sleeping          |     5 |     4 |    10 |     2 ||    21
         Distracted        |       |       |       |     3 ||     3
 Armour: Skin              |    40 |    46 |    79 |   102 ||   267
  Dodge: Dodged            |    78 |    48 |    66 |    73 ||   265
   Form: Anaconda          |       |       |     1 |       ||     1
         Blade             |       |       |       |     1 ||     1

Table legend: (Time is in decaauts)
 A = Elapsed time spent in this place.
 B = Non-inter-level travel time spent in this place.
 C = Inter-level travel time spent in this place.
 D = Time resting spent in this place.
 E = Time spent auto-exploring this place.
 F = Levels seen in this place.
 G = Mean time per level.
                   A        B        C        D        E       F      G
               +--------+--------+--------+--------+--------+-----+--------+
         Total |   8576 |   8086 |    490 |    814 |   5784 |  10 |  857.6 |
       Dungeon |   8537 |   8064 |    473 |    814 |   5784 |   9 |  948.6 |
        Temple |     38 |     21 |     17 |      0 |      0 |   1 |   38.0 |
               +--------+--------+--------+--------+--------+-----+--------+

Top non-repeatable levels by time:
     D:8: 1594 daAuts
     D:4: 1448 daAuts
     D:6: 1007 daAuts
     D:7: 810 daAuts
     D:2: 765 daAuts
     D:3: 758 daAuts
     D:5: 748 daAuts
     D:1: 703 daAuts
     D:9: 700 daAuts
  Temple: 38 daAuts
